 Dungeon Crawl Stone Soup version 0.29-a0-732-g3d7fbe0af2 (webtiles) character file.

Game seed: 4544511783992906444

229422 dolemite99 the Marksgnoll (level 19, -7/157 HPs)
             Began as a Gnoll Hunter on June 30, 2022.
             Was a Priest of Ashenzari.
             Mangled by a vault warden
             ... wielding a +0 long sword
              (18 damage)
             ... on level 2 of the Vaults.
             The game lasted 02:15:38 (66494 turns).

dolemite99 the Marksgnoll (Gnoll Hunter)           Turns: 66494, Time: 02:15:39

Health: -7/157     AC: 32    Str: 17    XL:     19   Next: 44%
Magic:  27/38      EV: 19    Int:  5    God:    Ashenzari [***...]
Gold:   2274       SH:  0    Dex: 22    Spells: 4/48 levels left

rFire   . . .      SeeInvis +   b - +2 lajatang (vamp)
rCold   + + +      Faith    .   (shield currently unavailable)
rNeg    + + +      Spirit   .   T - +9 ice dragon scales "Overhang to Understand" {rPois rF- rC++ Will+ Dex-5, Fort, Range} (curse)
rPois   +          Reflect  .   H - +0 helmet of Ashenzari's Burden {Drain rN+++ SInv, Range, Evo} (curse)
rElec   +          Harm     +   Z - scarf of the Ensconced Doubts {repulsion, Elem, Alch} (curse)
rCorr   .          Rampage  .   E - +1 pair of gloves "Teckoluo" {Harm rF+ Str+4}
Will    ++...      Clarity  +   V - +0 pair of boots of Ashenzari's Vision {Self, Elem} (curse)
Stlth   ++++......              X - amulet of the acrobat
HPRegen 0.36/turn               k - ring of the Bound Sky {Slay+4, Fort, Melee} (curse)
MPRegen 0.26/turn               d - ring "Mysmeu" {rElec rC+ Dex+6}

@: about to teleport, animating dead (expiring), repel missiles
A: fangs 1, strong nose, distributed training, iridescent scales 1, berserk 1,
dopey 2, sense surroundings 1
}: 1/15 runes: gossamer
a: Renounce Religion, Shatter the Chains


You were on level 2 of the Vaults.
You worshipped Ashenzari.
Ashenzari was most pleased with you.
You visited 7 branches of the dungeon, and saw 34 of its levels.

You collected 5840 gold pieces.
You spent 3566 gold pieces at shops.

Inventory:

Hand Weapons
 a - a +2 arbalest of freezing
 b - a +2 vampiric lajatang (weapon)
 l - the +8 Vampire's Tooth {vamp}
   (You found it on level 6 of the Lair of Beasts)

   It occasionally heals its wielder for the full amount of damage dealt when it
   wounds a living foe.
 x - a +3 double sword of freezing
 B - the +4 broad axe of the Shark {freeze, rF+++}
   (You found it on level 7 of the Dungeon)

   It freezes those it strikes, dealing additional cold damage.
   It can also slow down cold-blooded creatures.
   rF:        It renders you almost immune to fire.
 L - a +2 dire flail of holy wrath
Missiles
 j - 3 datura-tipped darts
 s - 5 throwing nets
 y - 17 silver javelins
 P - 27 javelins
 Y - 18 boomerangs (quivered)
Armour
 E - the +1 pair of gloves "Teckoluo" (worn) {Harm rF+ Str+4}
   (You found it on level 4 of the Spider Nest)

   Str:       It affects your strength (+4).
   rF:        It protects you from fire.
   Harm:      It increases damage dealt and taken.
 H - the cursed +0 helmet of Ashenzari's Burden (worn) {Drain rN+++ SInv, Range, Evo}
   (You bought it in a shop on level 3 of the Shoals)

   rN:        It renders you almost immune to negative energy.
   SInv:      It lets you see invisible.
   Drain:     It drains your maximum health when unequipped.
   It has a curse which improves the following skills: Ranged Combat: Ranged
   Weapons and Throwing.
   Evocations: Evocations.
 T - the cursed +9 ice dragon scales "Overhang to Understand" (worn) {rPois rF- rC++ Will+ Dex-5, Fort, Range}
   (You found it on level 1 of the Spider Nest)

   Dex:       It affects your dexterity (-5).
   rF:        It makes you vulnerable to fire.
   rC:        It greatly protects you from cold.
   rPois:     It protects you from poison.
   Will:      It increases your willpower.
   It has a curse which improves the following skills: Fortitude: Armour and
   Shields.
   Ranged Combat: Ranged Weapons and Throwing.
 V - the cursed +0 pair of boots of Ashenzari's Vision (worn) {Self, Elem}
   (You found it on level 1 of the Dungeon)

   It has a curse which improves the following skills: Introspection: Fighting
   and Spellcasting.
   Elements:  Fire Magic, Ice Magic, Air Magic and Earth Magic.
 Z - the cursed scarf of the Ensconced Doubts (worn) {repulsion, Elem, Alch}
   (You found it on level 4 of the Lair of Beasts)

   It has a curse which improves the following skills: Elements: Fire Magic, Ice
   Magic, Air Magic and Earth Magic.
   Alchemy:   Poison Magic and Transmutations.
Jewellery
 c - a +4 ring of protection
 d - the ring "Mysmeu" (right hand) {rElec rC+ Dex+6}
   (You found it on level 6 of the Lair of Beasts)

   [ring of dexterity]

   Dex:       It affects your dexterity (+6).
   rC:        It protects you from cold.
   rElec:     It insulates you from electricity.
 e - the ring of Butchery {Fire Dex+4}
   (You found it on level 5 of the Dungeon)

   [ring of fire]

   It enhances your fire magic.
   Dex:       It affects your dexterity (+4).
   rF:        It protects you from fire.
   rC:        It makes you vulnerable to cold.
 g - a +6 ring of intelligence
 k - the cursed ring of the Bound Sky (left hand) {Slay+4, Fort, Melee}
   (You found it on level 3 of the Dungeon)

   [ring of slaying]

   Slay:      It affects your accuracy & damage with ranged weapons and melee
   (+4).
   It has a curse which improves the following skills: Fortitude: Armour and
   Shields.
   Melee Combat: Short Blades, Long Blades, Axes, Maces & Flails, Polearms,
   Staves and Unarmed Combat.
 r - a ring of resist corrosion
 G - a ring of willpower
 I - a ring of protection from fire
 S - a ring of protection from cold
 X - an amulet of the acrobat (around neck)
Wands
 p - a wand of digging (2)
 v - a wand of polymorph (1)
Scrolls
 i - 4 scrolls of teleportation
 q - 3 scrolls of amnesia
 t - 2 scrolls of poison
 w - 8 scrolls of identify {@r1}
 A - 2 scrolls of magic mapping
 D - a scroll of fog
 J - 3 scrolls of immolation
 O - a scroll of enchant armour
 Q - 2 scrolls of silence
Potions
 n - 8 potions of attraction
 o - 3 potions of resistance
 u - a potion of might
 z - 4 potions of curing
 C - 2 potions of haste
 F - 6 potions of ambrosia
 M - 3 potions of cancellation
 R - 6 potions of brilliance
 U - 7 potions of lignification
 W - 2 potions of flight
Miscellaneous
 f - a box of beasts
 h - a tin of tremorstones (2/2)
 K - a phantom mirror (inert)


   Skills:
 + Level 14.2(15.7) Fighting
 + Level 13.5(15.0) Short Blades
 + Level 13.5(15.0) Long Blades
 + Level 13.5(15.0) Axes
 + Level 13.5(15.0) Maces & Flails
 + Level 13.5(15.0) Polearms
 + Level 13.5(15.0) Staves
 + Level 15.7(18.0) Ranged Weapons
 + Level 13.5(15.9) Throwing
 + Level 13.5(15.9) Armour
 + Level 14.2 Dodging
 + Level 13.7 Stealth
 + Level 13.5(15.9) Shields
 + Level 13.5(15.0) Unarmed Combat
 + Level 13.5(15.0) Spellcasting
 + Level 11.5 Conjurations
 + Level 11.5 Hexes
 + Level 11.5 Summonings
 + Level 11.5 Necromancy
 + Level 11.5 Translocations
 + Level 11.5(13.0) Transmutations
 + Level 11.5(13.9) Fire Magic
 + Level 11.5(13.9) Ice Magic
 + Level 11.5(13.9) Air Magic
 + Level 11.5(13.9) Earth Magic
 + Level 11.5(13.0) Poison Magic
 + Level 14.6 Invocations
 + Level 13.5(15.0) Evocations


You had 4 spell levels left.
You knew the following spells:

 Your Spells              Type           Power      Damage    Failure   Level
a - Summon Guardian Gole  Hex/Summ       15%        N/A       1%          3
b - Call Canine Familiar  Summ           15%        N/A       1%          3
c - Borgnjor's Vile Clut  Necr/Erth      8%         N/A       4%          5
d - Petrify               Tmut/Erth      17%        N/A       1%          4
e - Conjure Flame         Conj/Fire      16%        6-21      1%          3
f - Inner Flame           Hex/Fire       16%        N/A       1%          3
g - Apportation           Tloc           30%        N/A       1%          1
h - Ignite Poison         Fire/Tmut/Pois 17%        N/A       1%          3
i - Flame Wave            Conj/Fire      16%        2d6       1%          4
j - Vampiric Draining     Necr           15%        2d7       1%          3
k - Animate Dead          Necr           15%        N/A       2%          4
l - Wereblood             Tmut           16%        N/A       1%          2
m - Sublimation of Blood  Necr           15%        N/A       1%          2
n - Summon Lightning Spi  Summ/Air       16%        N/A       1%          4

Your spell library contained the following spells:

 Spells                   Type           Power      Damage    Failure   Level
 Foxfire                  Conj/Fire      64%        2x1d7     1%          1
 Necrotize                Necr           60%        1d7       1%          1
 Summon Small Mammal      Summ           60%        N/A       1%          1
 Poisonous Vapours        Pois/Air       34%        N/A       1%          2
 Static Discharge         Conj/Air       16%        N/A       1%          2
 Frozen Ramparts          Ice            34%        1d5       1%          3
 Ozocubu's Armour         Ice            17%        N/A       1%          3
 Tukima's Dance           Hex            15%        N/A       1%          3
 Airstrike                Air            8%         N/A       1%          4
 Animate Armour           Summ/Erth      32%        N/A       1%          4
 Corpse Rot               Necr/Pois/Air  16%        N/A       1%          4
 Ice Form                 Ice/Tmut       17%        N/A       1%          4
 Leda's Liquefaction      Hex/Erth       8%         N/A       1%          4
 Sticky Flame             Conj/Fire      16%        2d4       1%          4
 Summon Ice Beast         Ice/Summ       16%        N/A       1%          4
 Dispel Undead            Necr           15%        3d10      2%          4
 Passage of Golubria      Tloc           15%        N/A       2%          4
 Alistair's Intoxication  Tmut/Pois      10%        N/A       4%          5
 Blade Hands              Tmut           8%         N/A       4%          5
 Lightning Bolt           Conj/Air       8%         1d20      4%          5
 Metabolic Englaciation   Hex/Ice        8%         N/A       4%          5
 Yara's Violent Unravell  Hex/Tmut       8%         3d5       5%          5
 Agony                    Necr           15%        N/A       8%          5
 Iskenderun's Battlesphe  Conj           15%        2d7       8%          5
 Iron Shot                Conj/Erth      8%         9d3       26%         6
 Simulacrum               Ice/Necr       8%         N/A       26%         6
 Death Channel            Necr           7%         N/A       38%         6
 Spellforged Servitor     Conj/Summ      7%         N/A       93%         7
 Summon Hydra             Summ           7%         N/A       93%         7


Dungeon Overview and Level Annotations

Branches:
Dungeon (15/15)            Temple (1/1) D:7            Lair (6/6) D:10
 Shoals (4/4) Lair:4       Spider (4/4) Lair:2        Slime (0/5) Lair:6
    Orc (2/2) D:9             Elf (0/3) Orc:2        Vaults (2/5) D:14
 Depths (0/4) D:15
  Crypt: Vaults:2-3

Altars:
Ashenzari
Cheibriados
Dithmenos
Elyvilon
Fedhas
Gozag
Hepliaklqana
Kikubaaqudgha
Makhleb
Nemelex Xobeh
Okawaru
Qazlal
Ru
Sif Muna
Trog
Uskayaw
Vehumet
Wu Jian
Xom
Yredelemnul
Zin
The Shining One
Beogh
Jiyva

Shops:
D:1 *   D:15 [   Orc:2 ((=?   Shoals:1 (   Shoals:2 *   Shoals:3 [

Annotations:
D:1 exclusion: downstairs
Vaults:1 2 transporters, Egeuwelinn's ghost, veteran GnWn


Innate Abilities, Weirdness & Mutations

You have very sharp teeth.
Your uncanny sense of smell can sniff out nearby items.
Your experience applies equally to all skills.
You are partially covered in iridescent scales. (AC +2)
You sometimes lose your temper in combat.
You are very dopey. (Int -4)
You passively map a small area around you.


Message History

The bolt hits the ironbound frostheart!!
An ironbound preserver comes into view. It is wielding a +0 great mace.
A yaktaur comes into view.
A yaktaur comes into view. It is wielding a +0 arbalest.
You hit the ironbound convoker.
You feel better.
The ironbound convoker is moderately wounded.
The sphinx casts a spell.
Something smites you!
The ironbound frostheart touches you but does no damage.
The ironbound convoker hits you but does no damage.
The vault warden barely misses you.
The ironbound preserver hits you with a +0 great mace!
You slice the ironbound frostheart!!
You kill the ironbound frostheart!
Your reaping aura is weakening.
The yaktaur shoots a bolt.
The bolt misses you.
As you read the scroll of fear, it crumbles to dust.
You assume a fearsome visage.
The yaktaur looks frightened!
The sphinx looks frightened!
The ironbound preserver looks frightened!
The yaktaur looks frightened!
The vault warden easily resists.
The ironbound convoker resists with almost no effort.
The ironbound convoker completely misses you.
The vault warden barely misses you.
Okay, then.
You barely miss the ironbound convoker.
The ironbound convoker is moderately wounded.
The ironbound convoker hits you with a +0 morningstar.
* * * LOW HITPOINT WARNING * * *
The vault warden hits you with a +0 long sword!!
* * * LOW HITPOINT WARNING * * *
The ironbound convoker hits you with a +0 morningstar.
* * * LOW HITPOINT WARNING * * *
The vault warden completely misses you.
Things that are here:
a +0 shortbow; a centaur corpse
As you read the scroll of teleportation, it crumbles to dust.
You feel strangely unstable. The ironbound convoker misses you.
The vault warden hits you with a +0 long sword!
You die...

* #########.....# ,
.............#.....# ,
, ........<....#..../#
.............#H...p#
.............#...9.# *
.............#.....#{
,
.............+.[...#,
,
.............#..p..+,
,
.............#.p@..#,
*
......||.....#.....#,,
, +
.............#.....# ,
#####'#+######.....# *
* ..Z.....# #.....#
.)......# #....c#
).......# #.....#
........# #.....#
........#


You could see an ironbound preserver (fleeing, ally target), a sphinx (fleeing),
a vault warden (strong), an ironbound convoker (catching breath), a yaktaur
(fleeing) and a friendly guardian golem (summoned).

Vanquished Creatures
  Nikola (Vaults:1)
  A titan (Shoals:1)
  Agnes (Spider:3)
  A frost giant (Shoals:1)
  Aizul (Spider:3)
  10 ghost moths
  4 ironbound preservers
  3 emperor scorpions (Spider:4)
  2 vault wardens (Vaults:1)
  A stone giant (Shoals:1)
  4 ironbound thunderhulks (Vaults:1)
  4 spark wasps
  10 dire elephants
  2 entropy weavers
  A merfolk javelineer (Shoals:2)
  A fire dragon (D:15)
  A crystal guardian (Vaults:2)
  2 great orbs of eyes
  A merfolk impaler (Shoals:3)
  2 vault guards (Vaults:1)
  A yaktaur captain (Vaults:1)
  A peacekeeper (Vaults:2)
  An ice dragon (Lair:1)
  3 boulder beetles
  The ghost of coolguy69 the Protected, a journeyman VSBe of Trog (Lair:2)
  A catoblepas (D:13)
  5 hydras
  The ghost of Geuwk the Demonic Disaster, a journeyman DsTm of Qazlal (D:12)
  5 ironbound frosthearts
  A jorogumo (Spider:4)
  10 centaur warriors
  4 ogre magi (Orc:2)
  A satyr (Shoals:2)
  19 two-headed ogres
  5 death yaks
  5 death scarabs (Spider:4)
  An orc high priest (Vaults:1)
  A shock serpent (Spider:4)
  Urug (Lair:3)
  A storm dragon skeleton (Vaults:1)
  Amaemon (Lair:3)
  5 pharaoh ants
  11 deep trolls
  6 steelbarb worms
  A goliath frog (Lair:6)
  5 sea snakes
  3 orb spiders
  4 ironbound convokers (Vaults:1)
  2 lindwurms (Vaults:1)
  A broodmother zombie (Spider:4)
  Pikel (D:6)
  A wizard (D:14)
  3 necromancers
  3 orc knights
  6 ugly things
  12 harpies
  A wolf spider zombie (Spider:4)
  An orc sorcerer (D:15)
  12 wolf spiders
  2 deep elf pyromancers
  4 cyclopes
  An oklob plant (Lair:2)
  8 fauns
  10 manticores
  A salamander (D:15)
  7 merfolk sirens
  8 elephants
  5 moths of wrath
  3 water nymphs
  4 vault sentinels
  3 torpor snails
  4 black mambas
  An unseen horror (D:12)
  An orange demon (Lair:3)
  19 cane toads
  6 komodo dragons
  An ice statue (Lair:1)
  9 demonic crawlers
  2 spectral redbacks (Spider:4)
  2 kobold demonologists (D:9)
  7 yaktaurs
  A redback zombie (Spider:4)
  A yaktaur skeleton (Vaults:1)
  2 rime drakes (Lair:1)
  An anaconda simulacrum (Lair:1)
  2 ice devils (Lair:1)
  9 polar bears
  3 tyrant leeches (Lair:6)
  17 merfolk
  A harpy zombie (Vaults:1)
  5 trolls
  3 meliai (Spider:2)
  4 hornets
  7 wind drakes
  2 spectral jumping spiders (Spider:4)
  4 spectral tarantellas (Spider:4)
  A tengu simulacrum (Vaults:1)
  17 blink frogs
  16 slime creatures
  A dream sheep (Lair:2)
  17 tarantellas
  A tarantella zombie (Spider:4)
  3 jumping spider zombies (Spider:4)
  7 snapping turtles
  15 jumping spiders
  Sigmund (D:2)
  4 shadows
  4 water elementals
  16 culicivoras
  22 spriggans
  3 wraiths
  An elf zombie (Vaults:1)
  2 vampires
  62 yaks
  5 basilisks
  6 neqoxecs (D:12)
  3 wyverns
  Eustachio (D:4)
  47 redbacks
  5 vampire mosquitoes (Lair:6)
  A redback simulacrum (D:15)
  A warg (Orc:1)
  11 water moccasins
  22 orc warriors
  4 ice beasts
  5 black bears
  2 sky beasts
  3 boggarts (Lair:4)
  18 wolves
  23 ogres
  17 centaurs
  2 lemures
  A human skeleton (Vaults:1)
  4 kobold brigands
  14 bullfrogs
  2 gnoll sergeants (D:9)
  A two-headed ogre simulacrum (Lair:1)
  5 scorpions
  4 wights (D:9)
  27 killer bees (Lair:2)
  2 human simulacra (Vaults:1)
  A howler monkey (D:14)
  An electric eel (Lair:4)
  A vampire bat (D:6)
  3 jellies (Lair:6)
  3 quasits (D:12)
  3 hounds
  2 gnoll shamans (D:8)
  18 orc priests
  3 iguanas
  Ijyb (D:5)
  20 orc wizards
  A spriggan simulacrum (Lair:1)
  23 gnolls
  A naga simulacrum (Lair:1)
  4 adders
  A white imp (Lair:1)
  An ufetubus (D:4)
  A worm (D:2)
  A dart slug (D:1)
  49 orcs
  5 endoplasms
  5 giant cockroaches
  2 hobgoblins
  7 jackals
  16 kobolds
  5 quokkas
  A training dummy (Shoals:1)
  11 ball pythons
  10 bats
  2 frilled lizards
  8 goblins
  6 rats
1015 creatures vanquished.

Vanquished Creatures (collateral kills)
  A vault warden (Vaults:1)
  2 very ugly things (Vaults:2)
  An ironbound thunderhulk (Vaults:1)
  4 slime creatures
  A merfolk impaler (Shoals:1)
  An ettin (Vaults:1)
  A boulder beetle (Spider:1)
  A satyr (Shoals:3)
  3 death yaks
  A deep troll (Vaults:1)
  A pharaoh ant (Spider:4)
  2 orb spiders
  A harpy (Shoals:3)
  2 ironbound convokers (Vaults:1)
  9 ugly things
  A wolf spider (Spider:1)
  2 merfolk sirens
  2 elephants (Lair:3)
  A cane toad (Lair:6)
  A demonic crawler (Spider:1)
  2 yaktaurs
  2 merfolk (Shoals:1)
  A troll (Vaults:1)
  A tarantella (Spider:1)
  A blink frog (Lair:6)
  A tyrant leech (Lair:6)
  A hornet (Lair:4)
  7 jumping spiders
  A jumping spider zombie (Spider:4)
  2 spriggans (Lair:4)
  3 culicivoras
  A water elemental (Shoals:3)
  3 yaks (Lair:5)
  12 redbacks
  An orc warrior (Vaults:1)
  2 wolves (Lair:1)
  A cane toad simulacrum (Lair:1)
  5 killer bees (Lair:2)
  An orc (Vaults:1)
86 creatures vanquished.

Vanquished Creatures (others)
  A centaur warrior (Vaults:1)
  A boulder beetle (Spider:4)
  A ghost moth zombie (Spider:4)
  A wizard (Vaults:1)
  An ogre zombie (Vaults:1)
  An orc knight (Vaults:1)
  An ugly thing (Vaults:1)
  A wolf spider (Spider:4)
  A moth of wrath (Spider:4)
  A yaktaur (Vaults:1)
  2 redback zombies (Spider:1)
  A steelbarb worm zombie (Spider:4)
  A merfolk (Shoals:3)
  2 tarantellas
  3 jumping spider zombies
  A troll (D:13)
  A spectral jumping spider (Spider:4)
  A slime creature (Vaults:1)
  A culicivora (Spider:3)
  2 jumping spiders
  A slime creature zombie (Vaults:1)
  A redback (Spider:1)
  A merfolk zombie (Shoals:3)
  3 orc warriors (Vaults:1)
  2 human zombies (Vaults:1)
  A troll zombie (Vaults:1)
  3 orcs (Vaults:1)
  2 orc zombies (Vaults:1)
  68 fungi
  166 plants
273 creatures vanquished.

Grand Total: 1374 creatures vanquished

Notes
Turn   | Place    | Note
-------+----------+-------------------------------------------
     0 | D:1      | dolemite99 the Gnoll Hunter began the quest for the Orb.
     0 | D:1      | Reached XP level 1. HP: 20/20 MP: 1/1
   176 | D:1      | Reached XP level 2. HP: 26/26 MP: 2/2
   441 | D:1      | Found Ila Iske's General Store.
   457 | D:1      | Bought a scroll of teleportation for 33 gold pieces
   777 | D:1      | Reached XP level 3. HP: 31/31 MP: 3/3
   801 | D:1      | Found a faded altar of an unknown god.
   813 | D:1      | Prayed at the altar of an unknown god.
   813 | D:1      | Became a worshipper of Elyvilon the Healer
   813 | D:1      | Reached * piety under Elyvilon
  1211 | D:2      | Reached skill level 1 in Invocations
  1400 | D:2      | Noticed Sigmund
  1552 | D:2      | Reached ** piety under Elyvilon
  1560 | D:2      | Reached skill level 1 in Short Blades
  1560 | D:2      | Reached skill level 1 in Long Blades
  1560 | D:2      | Reached skill level 1 in Axes
  1560 | D:2      | Reached skill level 1 in Maces & Flails
  1560 | D:2      | Reached skill level 1 in Polearms
  1560 | D:2      | Reached skill level 1 in Staves
  1560 | D:2      | Reached skill level 1 in Throwing
  1560 | D:2      | Reached skill level 1 in Armour
  1560 | D:2      | Reached skill level 1 in Shields
  1560 | D:2      | Reached skill level 1 in Unarmed Combat
  1560 | D:2      | Reached skill level 1 in Spellcasting
  1560 | D:2      | Reached skill level 1 in Evocations
  1684 | D:2      | You fall into a shaft and drop 1 floor!
  1989 | D:3      | Reached XP level 4. HP: 38/38 MP: 5/5
  2488 | D:3      | Reached skill level 1 in Conjurations
  2488 | D:3      | Reached skill level 1 in Hexes
  2488 | D:3      | Reached skill level 1 in Summonings
  2488 | D:3      | Reached skill level 1 in Necromancy
  2488 | D:3      | Reached skill level 1 in Translocations
  2488 | D:3      | Reached skill level 1 in Transmutations
  2488 | D:3      | Reached skill level 1 in Fire Magic
  2488 | D:3      | Reached skill level 1 in Ice Magic
  2488 | D:3      | Reached skill level 1 in Air Magic
  2488 | D:3      | Reached skill level 1 in Earth Magic
  2488 | D:3      | Reached skill level 1 in Poison Magic
  2684 | D:4      | Noticed a scorpion
  2686 | D:4      | Killed a scorpion
  2687 | D:4      | Reached XP level 5. HP: 43/43 MP: 5/7
  2799 | D:4      | Noticed Eustachio
  2812 | D:4      | Killed Eustachio
  2813 | D:4      | Reached skill level 5 in Fighting
  2813 | D:4      | Reached skill level 5 in Dodging
  2813 | D:4      | Reached XP level 6. HP: 35/51 MP: 7/9
  3006 | D:4      | Reached *** piety under Elyvilon
  3809 | D:4      | Reached XP level 7. HP: 51/56 MP: 10/10
  3913 | D:5      | Entered Level 5 of the Dungeon
  4284 | D:5      | Noticed Ijyb
  4337 | D:5      | Identified the ring of Butchery {Fire Dex+4}
  4358 | D:6      | Reached **** piety under Elyvilon
  4939 | D:6      | Reached skill level 9 in Ranged Weapons
  5002 | D:6      | Found a broken altar of Ashenzari.
  5006 | D:6      | Fell from the grace of Elyvilon
  5006 | D:6      | Became a worshipper of Ashenzari the Shackled
  5628 | D:6      | Noticed Pikel
  5634 | D:6      | Killed Pikel
  5635 | D:6      | Reached XP level 8. HP: 64/64 MP: 11/13
  5910 | D:5      | Killed Ijyb
  6073 | D:5      | Found a shimmering altar of Xom.
  6074 | D:5      | Found a radiant altar of Vehumet.
  6115 | D:5      | Found a white marble altar of Elyvilon.
  6419 | D:2      | Killed Sigmund
  6859 | D:7      | Reached XP level 9. HP: 69/69 MP: 14/14
  7026 | D:7      | Identified a scroll of acquirement
  7026 | D:7      | Acquired a +1 shortbow of flaming
  7040 | D:7      | Found a staircase to the Ecumenical Temple.
  7134 | Temple   | Entered the Ecumenical Temple
  7356 | Temple   | Reached * piety under Ashenzari
  7475 | D:7      | Reached skill level 5 in Stealth
  7524 | D:7      | Identified the +4 broad axe of the Shark {freeze, rF+++}
  8104 | D:7      | Reached ** piety under Ashenzari
  8126 | D:7      | Reached skill level 5 in Invocations
  9077 | D:8      | Reached skill level 5 in Short Blades
  9077 | D:8      | Reached skill level 5 in Long Blades
  9077 | D:8      | Reached skill level 5 in Axes
  9077 | D:8      | Reached skill level 5 in Maces & Flails
  9077 | D:8      | Reached skill level 5 in Polearms
  9077 | D:8      | Reached skill level 5 in Staves
  9077 | D:8      | Reached skill level 5 in Throwing
  9077 | D:8      | Reached skill level 5 in Armour
  9077 | D:8      | Reached skill level 5 in Shields
  9077 | D:8      | Reached skill level 5 in Unarmed Combat
  9077 | D:8      | Reached skill level 5 in Spellcasting
  9077 | D:8      | Reached skill level 5 in Evocations
  9077 | D:8      | Reached XP level 10. HP: 64/80 MP: 19/19
  9084 | D:8      | Reached skill level 10 in Ranged Weapons
  9369 | D:8      | Found a shadowy altar of Dithmenos.
  9464 | D:8      | Identified the +11 dagger of Rotation {protect, rElec rC-
                  | Str+4 Dex+4 Stlth+}
  9990 | D:9      | Found a transporter.
 10011 | D:9      | Found a transporter.
 10254 | D:9      | Noticed a kobold demonologist
 10257 | D:9      | Noticed a kobold demonologist
 10261 | D:9      | Killed a kobold demonologist
 10266 | D:9      | Killed a kobold demonologist
 11007 | D:9      | Reached *** piety under Ashenzari
 11313 | D:9      | Reached skill level 5 in Conjurations
 11313 | D:9      | Reached skill level 5 in Hexes
 11313 | D:9      | Reached skill level 5 in Summonings
 11313 | D:9      | Reached skill level 5 in Necromancy
 11313 | D:9      | Reached skill level 5 in Translocations
 11313 | D:9      | Reached skill level 5 in Transmutations
 11313 | D:9      | Reached skill level 5 in Fire Magic
 11313 | D:9      | Reached skill level 5 in Ice Magic
 11313 | D:9      | Reached skill level 5 in Air Magic
 11313 | D:9      | Reached skill level 5 in Earth Magic
 11313 | D:9      | Reached skill level 5 in Poison Magic
 11321 | D:9      | Reached XP level 11. HP: 29/89 MP: 22/22
 11807 | D:9      | Found a staircase to the Orcish Mines.
 11942 | D:10     | Entered Level 10 of the Dungeon
 12031 | D:9      | Paralysed by a hornet for 2 turns
 12515 | D:10     | Found a staircase to the Lair.
 12699 | D:10     | Reached **** piety under Ashenzari
 13304 | D:10     | Noticed a centaur warrior
 13315 | D:10     | Killed a centaur warrior
 13583 | D:11     | Noticed a two-headed ogre
 13583 | D:11     | Identified the +0 robe "Aneinyss" {rC+}
 13587 | D:11     | Noticed a cyan ugly thing
 13602 | D:10     | Killed a two-headed ogre
 13610 | D:10     | Killed a cyan ugly thing
 14229 | D:11     | Learned a level 3 spell: Inner Flame
 14299 | D:11     | Noticed a two-headed ogre
 14302 | D:11     | Killed a two-headed ogre
 14303 | D:11     | Reached skill level 11 in Ranged Weapons
 14563 | D:11     | Acquired 878 gold pieces
 15097 | D:11     | Noticed a two-headed ogre
 15106 | D:11     | Killed a two-headed ogre
 15107 | D:11     | Reached XP level 12. HP: 80/100 MP: 26/26
 15831 | D:1      | Bought a wand of charming (2) for 44 gold pieces
 15831 | D:1      | Bought 6 silver javelins for 158 gold pieces
 16129 | Lair:1   | Entered Level 1 of the Lair of Beasts
 16335 | Lair:1   | Noticed a death yak
 16363 | Lair:1   | Killed a death yak
 17220 | Lair:1   | Noticed a death yak
 17223 | Lair:1   | Noticed an ice dragon
 17230 | Lair:1   | Killed a death yak
 17259 | Lair:1   | Killed an ice dragon
 17836 | Lair:1   | Identified the +5 halberd of Currency {protect, Int+3 SInv}
 18179 | Lair:2   | Found a runed translucent door.
 18181 | Lair:2   | Noticed coolguy69's ghost (journeyman VSBe)
 18350 | Lair:2   | Reached XP level 13. HP: 95/109 MP: 28/28
 18472 | Lair:2   | Found a hole to the Spider Nest.
 20960 | Lair:3   | Noticed Urug
 20967 | Lair:3   | Killed Urug
 22284 | Lair:3   | Reached skill level 12 in Ranged Weapons
 22867 | Lair:3   | Noticed Amaemon
 22875 | Lair:3   | Killed Amaemon
 23712 | Lair:4   | Reached skill level 10 in Fighting
 23712 | Lair:4   | Reached skill level 10 in Dodging
 23911 | Lair:4   | Found a frozen archway.
 25740 | Lair:4   | Found a staircase to the Shoals.
 26058 | Lair:5   | Reached skill level 10 in Invocations
 26058 | Lair:5   | Reached XP level 14. HP: 101/114 MP: 28/28
 26680 | Lair:6   | Entered Level 6 of the Lair of Beasts
 27868 | Lair:6   | Identified the ring "Mysmeu" {rElec rC+ Dex+6}
 27868 | Lair:6   | Identified the Reference Book on Mutagenic Ignition
 27868 | Lair:6   | Found the +8 Vampire's Tooth {vamp}
 27898 | Lair:6   | Found a viscous altar of Jiyva.
 28109 | Lair:6   | Reached skill level 10 in Stealth
 28174 | Lair:6   | Found a staircase to the Slime Pits.
 29979 | Lair:6   | Reached skill level 10 in Short Blades
 29979 | Lair:6   | Reached skill level 10 in Long Blades
 29979 | Lair:6   | Reached skill level 10 in Axes
 29979 | Lair:6   | Reached skill level 10 in Maces & Flails
 29979 | Lair:6   | Reached skill level 10 in Polearms
 29979 | Lair:6   | Reached skill level 10 in Staves
 29979 | Lair:6   | Reached skill level 10 in Throwing
 29979 | Lair:6   | Reached skill level 10 in Armour
 29979 | Lair:6   | Reached skill level 10 in Shields
 29979 | Lair:6   | Reached skill level 10 in Unarmed Combat
 29979 | Lair:6   | Reached skill level 10 in Spellcasting
 29979 | Lair:6   | Reached skill level 10 in Evocations
 30574 | Lair:2   | Reached skill level 13 in Ranged Weapons
 30907 | D:12     | Reached XP level 15. HP: 68/123 MP: 31/31
 31103 | D:11     | Learned a level 4 spell: Animate Dead
 31109 | D:11     | Learned a level 5 spell: Borgnjor's Vile Clutch
 31114 | D:11     | Learned a level 4 spell: Petrify
 31118 | D:11     | Learned a level 3 spell: Conjure Flame
 31403 | D:12     | Found a transporter.
 31634 | D:12     | Found a transporter.
 31904 | D:12     | Noticed Geuwk's ghost (journeyman DsTm)
 33931 | D:14     | Found an iron altar of Okawaru.
 34341 | D:2      | Learned a level 3 spell: Call Canine Familiar
 34343 | D:2      | Learned a level 1 spell: Apportation
 34347 | D:2      | Learned a level 3 spell: Ignite Poison
 34779 | Orc:1    | Entered Level 1 of the Orcish Mines
 34779 | Orc:1    | Found Onlam's Distillery.
 34891 | Orc:1    | Bought 2 potions of heal wounds for 140 gold pieces
 34891 | Orc:1    | Bought 2 potions of resistance for 280 gold pieces
 34891 | Orc:1    | Bought a potion of might for 56 gold pieces
 34891 | Orc:1    | Bought a potion of curing for 42 gold pieces
 34891 | Orc:1    | Bought a potion of curing for 42 gold pieces
 34891 | Orc:1    | Bought a potion of flight for 42 gold pieces
 34919 | Orc:1    | Bought a potion of attraction for 42 gold pieces
 34919 | Orc:1    | Bought a potion of attraction for 42 gold pieces
 34919 | Orc:1    | Bought a potion of brilliance for 56 gold pieces
 34919 | Orc:1    | Bought a potion of brilliance for 56 gold pieces
 34983 | Orc:2    | Entered Level 2 of the Orcish Mines
 35111 | Orc:2    | Found a staircase to the Elven Halls.
 35789 | Orc:2    | Found Vein Wao's Jewellery Shoppe.
 35790 | Orc:2    | Found Liucez's Magic Scroll Boutique.
 35790 | Orc:2    | Found Ympianuc's Antique Weapon Shoppe.
 35790 | Orc:2    | Found Esuuhuso's Weapon Shop.
 36702 | Orc:2    | Bought a +4 ring of protection for 396 gold pieces
 36702 | Orc:2    | Bought an amulet of faith for 440 gold pieces
 36709 | Orc:2    | Bought a scroll of teleportation for 51 gold pieces
 36709 | Orc:2    | Bought a scroll of teleportation for 51 gold pieces
 36709 | Orc:2    | Bought a scroll of magic mapping for 59 gold pieces
 36709 | Orc:2    | Bought a scroll of poison for 59 gold pieces
 36710 | Orc:2    | Bought an amulet of the acrobat for 330 gold pieces
 36878 | Orc:2    | Learned a level 4 spell: Flame Wave
 36989 | Orc:2    | Found a burning altar of Makhleb.
 37830 | D:14     | Found a gate to the Vaults.
 38404 | D:15     | Entered Level 15 of the Dungeon
 38905 | D:15     | Found Laefuote's Antique Armour Shop.
 38938 | D:15     | Bought a pair of glowing gloves for 232 gold pieces
 39855 | D:15     | Reached XP level 16. HP: 131/131 MP: 32/32
 40181 | D:15     | Found a staircase to the Depths.
 40446 | D:4      | Learned a level 3 spell: Vampiric Draining
 40450 | D:4      | Learned a level 3 spell: Summon Guardian Golem
 40453 | D:4      | Learned a level 2 spell: Wereblood
 40746 | Shoals:1 | Entered Level 1 of the Shoals
 40967 | Shoals:1 | Identified the +6 quarterstaff of the Blessed Realm
                  | {freeze, rPois Will+}
 41017 | Shoals:1 | Found Xupagivu's Firing Range.
 41053 | Shoals:1 | Bought a throwing net for 36 gold pieces
 41053 | Shoals:1 | Bought 2 throwing nets for 72 gold pieces
 41053 | Shoals:1 | Bought 2 throwing nets for 72 gold pieces
 43101 | Shoals:2 | Noticed a kraken
 43184 | Shoals:2 | Found Vogekhoz's Assorted Antiques.
 43203 | Shoals:2 | Bought a potion of curing for 84 gold pieces
 44193 | Shoals:3 | Reached skill level 14 in Ranged Weapons
 44962 | Shoals:3 | Learned a level 2 spell: Sublimation of Blood
 45321 | Shoals:3 | Found Vaqesar's Antique Armour Shop.
 46731 | Shoals:1 | Bought 5 javelins for 48 gold pieces
 46731 | Shoals:1 | Bought 5 javelins for 48 gold pieces
 46731 | Shoals:1 | Bought 4 boomerangs for 24 gold pieces
 46877 | Spider:1 | Entered Level 1 of the Spider Nest
 47213 | Spider:1 | Reached XP level 17. HP: 85/139 MP: 14/34
 47508 | Spider:1 | Identified the +9 ice dragon scales of Noon {rPois rF- rC++
                  | Will+ Dex-5}
 48351 | Spider:1 | Reached skill level 10 in Conjurations
 48351 | Spider:1 | Reached skill level 10 in Hexes
 48351 | Spider:1 | Reached skill level 10 in Summonings
 48351 | Spider:1 | Reached skill level 10 in Necromancy
 48351 | Spider:1 | Reached skill level 10 in Translocations
 48351 | Spider:1 | Reached skill level 10 in Transmutations
 48351 | Spider:1 | Reached skill level 10 in Fire Magic
 48351 | Spider:1 | Reached skill level 10 in Ice Magic
 48351 | Spider:1 | Reached skill level 10 in Air Magic
 48351 | Spider:1 | Reached skill level 10 in Earth Magic
 48351 | Spider:1 | Reached skill level 10 in Poison Magic
 49846 | Spider:2 | HP: 6/138 [meliai/+0 hand axe (9)]
 50652 | Spider:2 | Paralysed by a great orb of eyes for 3 turns
 51809 | Spider:3 | Noticed Aizul
 51839 | Spider:3 | Killed Aizul
 52173 | Spider:3 | Noticed Agnes
 52195 | Spider:3 | Killed Agnes
 52921 | Spider:4 | Entered Level 4 of the Spider Nest
 53741 | Spider:4 | HP: 1/134 [wolf spider[a jorogumo] (14)]
 56334 | Spider:4 | Reached XP level 18. HP: 149/149 MP: 22/36
 57356 | Spider:4 | Reached skill level 15 in Ranged Weapons
 58255 | Spider:4 | Identified the +1 pair of gloves "Teckoluo" {Harm rF+
                  | Str+4}
 58507 | Spider:4 | Got a gossamer rune of Zot
 58758 | Lair:2   | Killed coolguy69's ghost
 59166 | Shoals:1 | Learned a level 4 spell: Summon Lightning Spire
 59252 | Shoals:1 | Noticed a titan
 59278 | Shoals:1 | Killed a titan
 59451 | Shoals:2 | Bought a scroll of enchant weapon for 210 gold pieces
 59514 | Shoals:3 | Bought a warped helmet for 237 gold pieces
 59514 | Shoals:3 | Identified the +0 helmet of Ignis's Approval {Drain rN+++
                  | SInv} (You bought it in a shop on level 3 of the Shoals)
 59724 | Shoals:2 | Bought a potion of flight for 84 gold pieces
 59919 | D:12     | Gained mutation: You are occasionally teleported next to
                  | monsters. [a neqoxec]
 59923 | D:12     | Gained mutation: You sometimes lose your temper in combat.
                  | [a neqoxec]
 59925 | D:12     | Gained mutation: You have an uncontrollable temper. [a
                  | neqoxec]
 59927 | D:12     | Killed Geuwk's ghost
 59927 | D:12     | Gained mutation: You are dopey. (Int -2) [a neqoxec]
 59928 | D:12     | Gained mutation: You are weak. (Str -2) [a neqoxec]
 59932 | D:12     | Gained mutation: Your body sometimes deteriorates upon
                  | taking damage. [a neqoxec]
 59935 | D:12     | Gained mutation: You occasionally lose the ability to drink
                  | potions when taking damage. [a neqoxec]
 60258 | Lair:2   | Identified Sif Muna's Tome of Virous Stones
 60913 | Shoals:4 | Entered Level 4 of the Shoals
 61215 | Spider:1 | Lost mutation: You occasionally lose the ability to drink
                  | potions when taking damage. [potion of mutation]
 61215 | Spider:1 | Lost mutation: You are occasionally teleported next to
                  | monsters. [potion of mutation]
 61215 | Spider:1 | Gained mutation: You passively map a small area around you.
                  | [potion of mutation]
 61276 | Lair:2   | Lost mutation: You are weak. (Str -2) [potion of mutation]
 61276 | Lair:2   | Lost mutation: Your body sometimes deteriorates upon taking
                  | damage. [potion of mutation]
 61276 | Lair:2   | Lost mutation: You have an uncontrollable temper. [potion
                  | of mutation]
 61276 | Lair:2   | Gained mutation: You are very dopey. (Int -4) [potion of
                  | mutation]
 61276 | Lair:2   | Gained mutation: You are partially covered in iridescent
                  | scales. (AC +2) [potion of mutation]
 61989 | Vaults:1 | Entered Level 1 of the Vaults
 64213 | Vaults:1 | Reached XP level 19. HP: 155/155 MP: 37/37
 64591 | Vaults:1 | Acquired 871 gold pieces
 64675 | Vaults:1 | Found a transporter.
 64676 | Vaults:1 | Noticed Egeuwelinn's ghost (veteran GnWn)
 64676 | Vaults:1 | Found the ring of the Tortoise {AC+8}
 64677 | Vaults:1 | Found a transporter.
 64680 | Vaults:1 | Identified the +7 giant spiked club of Indomitability
                  | {flame, Dex+2}
 64780 | Vaults:1 | Noticed Nikola
 64806 | Vaults:1 | Killed Nikola
 66494 | Vaults:2 | Mangled by a vault warden

Illustrated notes

Levels and vault maps discovered:
D:1:      heliophobic_arrival_dark_side_of_the_moon, layout_basic,
          shapermc_ecumenical_altar_mp_highgroup, serial_shops,
          nicolae_square_shop
D:2:      layout_loops_ring, uniq_sigmund
D:3:      layout_loops_cross
D:4:      layout_cave_pods, uniq_eustachio
D:5:      nicolae_cairo_tiling_large_dashed, layout_loops_cross,
          nicolae_elyvilon_peaceful_grove, amethyst_overflow_temple_binary,
          dk_rats_in_the_wall, uniq_ijyb
D:6:      layout_loops_ring, mainiacjoe_overflow_24_doors, roderic_batcave,
          mrwooster_statue_mirror, serial_bayou_lagoon_a, uniq_pikel
D:7:      layout_gridville, minmay_temple_entry_hall
D:8:      layout_rooms, old_standard_altar, kennysheep_generic_room_8
D:9:      gammafunk_beogh_shrine, layout_small_grid, david_orc_4
D:10:     layout_gridville, david_lair_generic, kennysheep_crisscross
D:11:     layout_basic
D:12:     layout_roguey, gammafunk_ghost_stat_death
D:13:     layout_gridville
D:14:     layout_layer_cave, david_vaults_1, okawaru_ov_weapons_minmay
D:15:     hangedman_depths_entry_try_elsewhere_first, layout_basic,
          serial_shops, shop
Temple:   minmay_temple_bridge_d
Lair:1:   dreamdust_isle_of_ice, layout_regular_city,
          chequers_serial_rivers_micro_a
Lair:2:   wad_woods_minihive, layout_layer_cave, spider_nest_entry_rubble,
          lightli_volcano_entry_magma_tube, ebering_ghost_inner_flame,
          grunt_forest_small_clearing_treed, infiniplex_staircase_pool_2
Lair:3:   layout_regular_city, uniq_amaemon, uniq_urug
Lair:4:   kb_forest_paths, layout_loops_ring, minmay_shoals_entry_hut,
          portal_ice_cave_entry_pillars_1, patterned_corridor,
          infiniplex_staircase_pool
Lair:5:   layout_roguey
Lair:6:   minmay_lair_end_frog_pond, layout_long_grid,
          minmay_slime_entry_pillars, cheibrodos_lair_lostbears
Shoals:1: cheibrodos_shoals_gigantism, layout_shoals, nicolae_shop_firing_range
Shoals:2: layout_shoals, serial_shops, nicolae_shop_overgrown_old_shop
Shoals:3: layout_shoals, serial_shops, nicolae_shop_hallway_plus
Shoals:4: shoals_end_hellmonk_lost_city
Spider:1: layout_spider_delve
Spider:2: layout_spider_delve, nicolae_spider_paper_wasps
Spider:3: layout_spider_delve, uniq_agnes, uniq_aizul
Spider:4: floodkiller_spider_rune_tomb, nicolae_spider_bug_shape
Orc:1:    layout_caves, serial_shops, nicolae_shop_advertising_works
          [nicolae_subvault_shop_adworks], nicolae_shop_crystal,
          nicolae_shop_crystal, elves_outpost_lemuel, uniq_sonja
Orc:2:    st_orc_ogre_mass, layout_caves, bloody_makhleb
Vaults:1: gammafunk_ghost_smash, nicolae_vaults_little_ls, v_pattern_5,
          v_misc_27, ontoclasm_vaults_hangar, nicolae_vaults_circle_grid_a,
          grunt_vaults_trifunnel, special_room_vaults [special_room_orc],
          hangedman_vaults_snaps, vaults_room_pools,
          nicolae_vaults_three_branches,
          vaults_standard_mumra_enter_the_diamond, vaults_room_hallway,
          vaults_room_large_hall, layout_vaults_maze_snakey, uniq_nikola
Vaults:2: vaults_room_fours, v_misc_24, minmay_crypt_entry_simple_box,
          hangedman_vaults_locks, hangedman_vaults_unwind,
          nicolae_vaults_specimen_jars, v_pattern_3, v_misc_3,
          ontoclasm_vaults_spin, vaults_dpeg_hooks, layout_vaults_ring

Skill      XL: |  1  2  3  4  5  6  7  8  9 10 11 12 13 14 15 16 17 18 19 |
---------------+----------------------------------------------------------+-----
Invocations    | 1 2 3 4 5 6 7 8 10 11 12 13 14 | 14.6
Short Blades   | 1 2 3 5 6 7 8 9 10 11 12 13 | 13.5
Long Blades    | 1 2 3 5 6 7 8 9 10 11 12 13 | 13.5
Axes           | 1 2 3 5 6 7 8 9 10 11 12 13 | 13.5
Maces & Flails | 1 2 3 5 6 7 8 9 10 11 12 13 | 13.5
Polearms       | 1 2 3 5 6 7 8 9 10 11 12 13 | 13.5
Staves         | 1 2 3 5 6 7 8 9 10 11 12 13 | 13.5
Throwing       | 1 2 3 5 6 7 8 9 10 11 12 13 | 13.5
Armour         | 1 2 3 5 6 7 8 9 10 11 12 13 | 13.5
Shields        | 1 2 3 5 6 7 8 9 10 11 12 13 | 13.5
Unarmed Combat | 1 2 3 5 6 7 8 9 10 11 12 13 | 13.5
Spellcasting   | 1 2 3 5 6 7 8 9 10 11 12 13 | 13.5
Evocations     | 1 2 3 5 6 7 8 9 10 11 12 13 | 13.5
Conjurations   | 1 2 3 4 5 6 7 8 9 10 11 | 11.5
Hexes          | 1 2 3 4 5 6 7 8 9 10 11 | 11.5
Summonings     | 1 2 3 4 5 6 7 8 9 10 11 | 11.5
Necromancy     | 1 2 3 4 5 6 7 8 9 10 11 | 11.5
Translocations | 1 2 3 4 5 6 7 8 9 10 11 | 11.5
Transmutations | 1 2 3 4 5 6 7 8 9 10 11 | 11.5
Fire Magic     | 1 2 3 4 5 6 7 8 9 10 11 | 11.5
Ice Magic      | 1 2 3 4 5 6 7 8 9 10 11 | 11.5
Air Magic      | 1 2 3 4 5 6 7 8 9 10 11 | 11.5
Earth Magic    | 1 2 3 4 5 6 7 8 9 10 11 | 11.5
Poison Magic   | 1 2 3 4 5 6 7 8 9 10 11 | 11.5
Fighting       | 5 6 7 8 9 10 11 12 13 14 | 14.2
Dodging        | 5 6 7 8 9 10 11 12 13 14 | 14.2
Stealth        | 3 4 5 6 7 8 9 10 11 12 13 | 13.7
Ranged Weapons | 9 10 11 12 13 14 15 | 15.7

Action                   |  1- 3 |  4- 6 |  7- 9 | 10-12 | 13-15 | 16-18 | 19-21 || total
-------------------------+-------+-------+-------+-------+-------+-------+-------++-------
Melee: Shortbow          |       |     4 |       |       |       |       |       ||     4
       Long sword        |       |       |       |    44 |   197 |       |       ||   241
       Bite              |       |       |       |     7 |    52 |   115 |    30 ||   204
       Punch             |       |       |       |     2 |    23 |    40 |       ||    65
       Halberd           |       |       |       |     2 |    27 |       |       ||    29
       Quick blade       |       |       |       |       |    78 |    62 |       ||   140
       Dagger            |       |       |       |       |     4 |       |       ||     4
       Double sword      |       |       |       |       |     1 |    75 |       ||    76
       Staff             |       |       |       |       |       |    55 |       ||    55
       Arbalest          |       |       |       |       |       |     1 |       ||     1
       Lajatang          |       |       |       |       |       |   336 |   146 ||   482
       Broad axe         |       |       |       |       |       |    58 |       ||    58
       Demon whip        |       |       |       |       |       |     5 |       ||     5
 Fire: Shortbow          |    89 |    65 |   186 |   477 |  1097 |    24 |       ||  1938
       Arbalest          |       |       |    21 |    42 |       |   701 |    60 ||   824
       Longbow           |       |       |       |       |       |    80 |       ||    80
Throw: Javelin           |       |       |       |       |     2 |     1 |       ||     3
       Throwing net      |       |       |       |       |     1 |       |       ||     1
       Boomerang         |       |       |       |       |       |   118 |     7 ||   125
 Cast: Petrify           |       |       |       |       |    19 |    12 |       ||    31
       Conjure Flame     |       |       |       |       |    14 |       |       ||    14
       Borgnjor's Vile C |       |       |       |       |     9 |    40 |     9 ||    58
       Inner Flame       |       |       |       |       |     2 |     1 |       ||     3
       Summon Guardian G |       |       |       |       |       |    55 |     7 ||    62
       Animate Dead      |       |       |       |       |       |    17 |     4 ||    21
       Call Canine Famil |       |       |       |       |       |    51 |     8 ||    59
       Sublimation of Bl |       |       |       |       |       |     5 |       ||     5
       Apportation       |       |       |       |       |       |     2 |       ||     2
       Vampiric Draining |       |       |       |       |       |    37 |       ||    37
       Flame Wave        |       |       |       |       |       |     7 |       ||     7
Invok: Curse Item        |       |       |     3 |     3 |     2 |     2 |     1 ||    11
       Shatter the Chain |       |       |       |       |     3 |     3 |       ||     6
Evoke: Wand              |       |       |    18 |    37 |    52 |    12 |       ||   119
       Box of beasts     |       |       |       |     1 |     6 |     7 |     1 ||    15
       Phantom mirror    |       |       |       |       |       |     8 |     2 ||    10
       Tin of tremorston |       |       |       |       |       |     4 |     1 ||     5
  Use: Scroll            |    10 |     4 |     8 |     8 |    16 |    17 |     3 ||    66
       Potion            |       |       |       |     5 |     6 |    34 |     1 ||    46
 Stab: Sleeping          |       |       |       |       |     2 |     2 |       ||     4
       Petrified         |       |       |       |       |     4 |     3 |       ||     7
       Distracted        |       |       |       |       |       |     5 |       ||     5
       Invisible         |       |       |       |       |       |     1 |       ||     1
Armor: Leather armour    |     5 |     6 |    14 |       |       |       |       ||    25
       Scale mail        |       |       |     2 |   175 |   391 |   150 |       ||   718
       Ice dragon scales |       |       |       |       |       |   808 |   139 ||   947
Dodge: Dodged            |    10 |    31 |    73 |   250 |   569 |  1452 |   181 ||  2566
       Repelled          |       |       |       |       |     2 |     6 |       ||     8

Table legend: (Time is in decaauts)
 A = Elapsed time spent in this place.
 B = Non-inter-level travel time spent in this place.
 C = Inter-level travel time spent in this place.
 D = Time resting spent in this place.
 E = Time spent auto-exploring this place.
 F = Levels seen in this place.
 G = Mean time per level.
                   A        B        C        D        E       F      G
               +--------+--------+--------+--------+--------+-----+--------+
         Total |  66933 |  60743 |   6190 |  30324 |  19981 |  34 | 1968.6 |
       Dungeon |  24227 |  21408 |   2819 |   8568 |   9507 |  15 | 1615.1 |
        Temple |    227 |    223 |      4 |      0 |    209 |   1 |  227.0 |
          Lair |  16275 |  14275 |   2000 |   7223 |   4719 |   6 | 2712.5 |
        Shoals |   7410 |   6611 |    799 |   3652 |   1733 |   4 | 1852.5 |
   Spider Nest |  11935 |  11500 |    435 |   7253 |   2061 |   4 | 2983.8 |
  Orcish Mines |   2318 |   2250 |     68 |    858 |    870 |   2 | 1159.0 |
        Vaults |   4537 |   4475 |     62 |   2768 |    879 |   2 | 2268.5 |
               +--------+--------+--------+--------+--------+-----+--------+

Top non-repeatable levels by time:
Spider:4: 5088 daAuts
  Lair:2: 4077 daAuts
Vaults:1: 3870 daAuts
Shoals:3: 3004 daAuts
     D:9: 2809 daAuts
Spider:3: 2684 daAuts
  Lair:4: 2628 daAuts
Spider:1: 2614 daAuts
  Lair:6: 2598 daAuts
  Lair:3: 2582 daAuts
Shoals:1: 2326 daAuts
  Lair:1: 2320 daAuts
    D:10: 2248 daAuts
   Orc:2: 2109 daAuts
Shoals:2: 2072 daAuts
